BSA
NASSAU ROCKETS @ SAN FRANCISCO BANDITS
06/23/2028
 
TOP OF THE 1ST
Nassau Rockets batting - Pitching for San Francisco Bandits : RHP Kunihiko Daikawa
Pitching: RHP Kunihiko Daikawa
Batting: LHB Don Ramey 0-0: Ball
1-0: Foul Ball, location: 2F
1-1: Foul Ball, location: 2F
1-2: SINGLE (Groundball, 56D)
Batting: LHB Doug Thompson 0-0: Ball
1-0: Fly out, F8 (Line Drive, 8LM)
Batting: SHB Howard Parker 0-0: Called Strike
0-1: Ball
1-1: Foul Ball, location: 2F
1-2: Ball
2-2: Ball
3-2: Foul Ball, location: 2F
3-2: Fielders Choice at 2nd, 4-6 (Groundball, 34)
Batting: LHB Andrew Alvarado 0-0: Ball
1-0: Ball
2-0: Called Strike
2-1: Fly out, F8 (Flyball, 78M)
Top of the 1st over - 0 run(s), 1 hit(s), 0 error(s), 1 left on base; Nassau 0 - San Francisco 0
BOTTOM OF THE 1ST
San Francisco Bandits batting - Pitching for Nassau Rockets : LHP Joaquín Gonzáles
Pitching: LHP Joaquín Gonzáles
Batting: RHB Raúl Bruno 0-0: Foul Ball, location: 2F
0-1: Ground out 4-3 (Groundball, 4)
Batting: LHB Seung-woo Yi 0-0: Swinging Strike
0-1: Ball
1-1: Ball
2-1: Foul Ball, location: 2F
2-2: Foul Ball, location: 2F
2-2: Foul Ball, location: 2F
2-2: Ball
3-2: Base on Balls
Batting: RHB Owen Carter 0-0: Ball
1-0: Called Strike
1-1: Ball
2-1: Fly out, F7 (Line Drive, 7)
Batting: LHB Mario García 0-0: Ball
1-0: Called Strike
1-1: Fly out, F8 (Flyball, 8RM)
Bottom of the 1st over - 0 run(s), 0 hit(s), 0 error(s), 1 left on base; Nassau 0 - San Francisco 0
TOP OF THE 2ND
Nassau Rockets batting - Pitching for San Francisco Bandits : RHP Kunihiko Daikawa
Batting: LHB Bob Martin 0-0: Called Strike
0-1: Ball
1-1: Swinging Strike
1-2: Foul Ball, location: 2F
1-2: Ground out 3-1 (Groundball, 34S)
Batting: RHB Salvador Borbón 0-0: Called Strike
0-1: Ball
1-1: Ball
2-1: Hit by Pitch
Batting: LHB Wilson Allen 0-0: Called Strike
0-1: Swinging Strike
0-2: Ball
1-2: SINGLE (Groundball, 4MD)
Salvador Borbón to second
Batting: RHB Rubén Matos 0-0: Ball
1-0: Ball
2-0: Foul Ball, location: 2F
2-1: Ball
3-1: Foul Ball, location: 2F
3-2: Foul Ball, location: 2F
3-2: Ground out U3 (Groundball, 34S)
Salvador Borbón to third
Wilson Allen to second
Batting: LHB Rafael Delgado 0-0: Foul Ball, location: 2F
0-1: Foul Ball, location: 2F
0-2: Ball
1-2: Ball
2-2: Ground out 3-1 (Groundball, 34S)
Top of the 2nd over - 0 run(s), 1 hit(s), 0 error(s), 2 left on base; Nassau 0 - San Francisco 0
BOTTOM OF THE 2ND
San Francisco Bandits batting - Pitching for Nassau Rockets : LHP Joaquín Gonzáles
Batting: RHB Ramón Ruíz 0-0: Ball
1-0: Foul Ball, location: 2F
1-1: Ball
2-1: Foul Ball, location: 2F
2-2: Strikes out swinging
Batting: RHB Scott Merritt 0-0: DOUBLE (Line Drive, 78D)
Batting: LHB Anacleto Morillo 0-0: Ball
1-0: Called Strike
1-1: Swinging Strike
1-2: Foul Ball, location: 2F
1-2: Foul Ball, location: 2F
1-2: Strikes out swinging
Batting: LHB Alberto Gómez 0-0: Called Strike
0-1: Ball
1-1: Fly out, F8 (Flyball, 8RS)
Bottom of the 2nd over - 0 run(s), 1 hit(s), 0 error(s), 1 left on base; Nassau 0 - San Francisco 0
TOP OF THE 3RD
Nassau Rockets batting - Pitching for San Francisco Bandits : RHP Kunihiko Daikawa
Batting: LHB Don Ramey 0-0: Called Strike
0-1: Ball
1-1: Ball
2-1: Ground out 4-3 (Groundball, 4)
Batting: LHB Doug Thompson 0-0: Called Strike
0-1: Swinging Strike
0-2: Ball
1-2: Strikes out swinging
Batting: SHB Howard Parker 0-0: Ball
1-0: Called Strike
1-1: Ball
2-1: Ground out 6-3 (Groundball, 56)
Top of the 3rd over - 0 run(s), 0 hit(s), 0 error(s), 0 left on base; Nassau 0 - San Francisco 0
BOTTOM OF THE 3RD
San Francisco Bandits batting - Pitching for Nassau Rockets : LHP Joaquín Gonzáles
Batting: RHB Glenn Melican 0-0: Ball
1-0: Ball
2-0: Called Strike
2-1: Foul Ball, location: 2F
2-2: Ground out 6-3 (Groundball, 56)
Batting: RHB Raúl Bruno 0-0: Called Strike
0-1: Ground out 6-3 (Groundball, 6)
Batting: LHB Seung-woo Yi 0-0: Ball
1-0: Called Strike
1-1: Ground out 4-3 (Groundball, 34)
Bottom of the 3rd over - 0 run(s), 0 hit(s), 0 error(s), 0 left on base; Nassau 0 - San Francisco 0
TOP OF THE 4TH
Nassau Rockets batting - Pitching for San Francisco Bandits : RHP Kunihiko Daikawa
Batting: LHB Andrew Alvarado 0-0: Swinging Strike
0-1: Swinging Strike
0-2: Strikes out swinging
Batting: LHB Bob Martin 0-0: Ball
1-0: Swinging Strike
1-1: Ball
2-1: Ball
3-1: Base on Balls
Batting: RHB Salvador Borbón 0-0: Ball
1-0: Ball
2-0: Fly out, F9 (Flyball, 89D)
Batting: LHB Wilson Allen 0-0: Called Strike
0-1: Ball
1-1: Ball
2-1: Ball
3-1: Swinging Strike
3-2: Foul Ball, location: 2F
3-2: Ground out 3-1 (Groundball, 3L)
Top of the 4th over - 0 run(s), 0 hit(s), 0 error(s), 1 left on base; Nassau 0 - San Francisco 0
BOTTOM OF THE 4TH
San Francisco Bandits batting - Pitching for Nassau Rockets : LHP Joaquín Gonzáles
Batting: RHB Owen Carter 0-0: Called Strike
0-1: Ball
1-1: Fly out, F8 (Flyball, 8RS)
Batting: LHB Mario García 0-0: Ground out 4-3 (Groundball, 4)
Batting: RHB Ramón Ruíz 0-0: Ball
1-0: SINGLE (Line Drive, 5)
Batting: RHB Scott Merritt 0-0: Ball
1-0: Called Strike
1-1: Ball
2-1: Called Strike
2-2: Foul Ball, location: 2F
2-2: Foul Ball, location: 2F
2-2: Fielders Choice at 2nd, 5-4 (Groundball, 5)
Bottom of the 4th over - 0 run(s), 1 hit(s), 0 error(s), 0 left on base; Nassau 0 - San Francisco 0
TOP OF THE 5TH
Nassau Rockets batting - Pitching for San Francisco Bandits : RHP Kunihiko Daikawa
Batting: RHB Rubén Matos 0-0: Ball
1-0: SINGLE (Groundball, 4D)
Batting: LHB Rafael Delgado 0-0: Ball
1-0: Ball
2-0: Ball
3-0: Called Strike
3-1: Foul Ball, location: 2F
3-2: Foul Ball, location: 2F
3-2: Strikes out looking
Batting: LHB Don Ramey 0-0: Ball
1-0: Called Strike
1-1: Fly out, F7 (Flyball, 7)
Batting: LHB Doug Thompson 0-0: Called Strike
0-1: Fielders Choice at 2nd, 4-6 (Groundball, 4)
Top of the 5th over - 0 run(s), 1 hit(s), 0 error(s), 0 left on base; Nassau 0 - San Francisco 0
BOTTOM OF THE 5TH
San Francisco Bandits batting - Pitching for Nassau Rockets : LHP Joaquín Gonzáles
Batting: LHB Anacleto Morillo 0-0: Ball
1-0: Ground out 4-3 (Groundball, 4)
Batting: LHB Alberto Gómez 0-0: Called Strike
0-1: Ball
1-1: Ball
2-1: Foul Ball, location: 2F
2-2: Foul Ball, location: 2F
2-2: Foul Ball, location: 2F
2-2: Ball
3-2: Fly out, F8 (Flyball, 78D)
Batting: RHB Glenn Melican 0-0: Ball
1-0: Swinging Strike
1-1: Ball
2-1: Ground out 5-3 (Groundball, 5)
Bottom of the 5th over - 0 run(s), 0 hit(s), 0 error(s), 0 left on base; Nassau 0 - San Francisco 0
TOP OF THE 6TH
Nassau Rockets batting - Pitching for San Francisco Bandits : RHP Kunihiko Daikawa
Batting: SHB Howard Parker 0-0: Foul Ball, location: 2F
0-1: Ball
1-1: Called Strike
1-2: Ball
2-2: Ground out U3 (Groundball, 34)
Batting: LHB Andrew Alvarado 0-0: Ball
1-0: Foul Ball, location: 2F
1-1: Foul Ball, location: 2F
1-2: Foul Ball, location: 2F
1-2: Ball
2-2: Foul Ball, location: 2F
2-2: DOUBLE (Line Drive, 78XD)
Pitching: RHP Felipe Reyes
Batting: LHB Bob Martin 0-0: Ball
Andrew Alvarado steals 3rd base
1-0: Ground out 5-3 (Groundball, 25)
Batting: RHB Salvador Borbón 0-0: Ball
1-0: Ball
2-0: Foul Ball, location: 2F
2-1: Ball
3-1: Base on Balls
Batting: LHB Wilson Allen 0-0: Called Strike
0-1: Foul Ball, location: 2F
0-2: Ball
1-2: Foul Ball, location: 2F
1-2: Foul Ball, location: 2F
1-2: Foul Ball, location: 2F
1-2: Ball
2-2: Ball
3-2: Base on Balls
Salvador Borbón to second
Batting: RHB Rubén Matos 0-0: Ball
1-0: Fielders Choice at 2nd, 4-6 (Groundball, 4)
Top of the 6th over - 0 run(s), 1 hit(s), 0 error(s), 2 left on base; Nassau 0 - San Francisco 0
BOTTOM OF THE 6TH
San Francisco Bandits batting - Pitching for Nassau Rockets : LHP Joaquín Gonzáles
Batting: RHB Raúl Bruno 0-0: Called Strike
0-1: Ball
1-1: SINGLE (Groundball, 34S) (infield hit)
Batting: LHB Seung-woo Yi 0-0: Ball
1-0: Called Strike
1-1: Fielders Choice at 2nd, 6-4 (Groundball, 6M)
Batting: RHB Owen Carter 0-0: Called Strike
0-1: Ball
1-1: Foul Ball, location: 2F
1-2: Ball
2-2: Fly out, F8 (Flyball, 8LM)
Batting: LHB Mario García 0-0: Foul Ball, location: 2F
0-1: Fielders Choice at 2nd, 4-6 (Groundball, 4)
Bottom of the 6th over - 0 run(s), 1 hit(s), 0 error(s), 0 left on base; Nassau 0 - San Francisco 0
TOP OF THE 7TH
Nassau Rockets batting - Pitching for San Francisco Bandits : RHP Felipe Reyes
Batting: LHB Rafael Delgado 0-0: Ball
1-0: Ball
2-0: Called Strike
2-1: Swinging Strike
2-2: Strikes out swinging
Batting: LHB Don Ramey 0-0: Swinging Strike
0-1: Foul Ball, location: 2F
0-2: Ground out 3-1 (Groundball, 34)
Batting: LHB Doug Thompson 0-0: Fly out, F7 (Flyball, 7S)
Top of the 7th over - 0 run(s), 0 hit(s), 0 error(s), 0 left on base; Nassau 0 - San Francisco 0
BOTTOM OF THE 7TH
San Francisco Bandits batting - Pitching for Nassau Rockets : LHP Joaquín Gonzáles
Batting: RHB Ramón Ruíz 0-0: Foul Ball, location: 2F
0-1: Ball
1-1: Fly out, F9 (Flyball, 89M)
Pinch Hitting: RHB Michael Elliott 0-0: Ball
1-0: DOUBLE (Flyball, 78XD)
Pinch Hitting: RHB Juan Mendoza 0-0: Intentional Walk
Pinch Hitting: RHB Gustavo Ortíz 0-0: Ball
1-0: Called Strike
1-1: Called Strike
1-2: Strikes out looking
Batting: RHB Glenn Melican 0-0: Called Strike
0-1: Fielders Choice at 2nd, 5-4 (Groundball, 56)
Bottom of the 7th over - 0 run(s), 1 hit(s), 0 error(s), 1 left on base; Nassau 0 - San Francisco 0
TOP OF THE 8TH
Nassau Rockets batting - Pitching for San Francisco Bandits : RHP Felipe Reyes
Now at 1B: Michael Elliott
Now at 3B: Gustavo Ortíz
Now in LF: Juan Mendoza
Batting: SHB Howard Parker 0-0: Called Strike
0-1: Foul Ball, location: 2F
0-2: Ball
1-2: Foul Ball, location: 2F
1-2: Ball
2-2: Ball
3-2: Base on Balls
Batting: LHB Andrew Alvarado 0-0: Called Strike
0-1: Ball
1-1: Ball
2-1: Called Strike
2-2: Ball
3-2: Foul Ball, location: 2F
3-2: Foul Ball, location: 2F
3-2: Fly out, F5 (Line Drive, 6)
Batting: LHB Bob Martin 0-0: Ball
1-0: Fly out, F8 (Line Drive, 8LM)
Pinch Hitting: SHB Edgardo Osorio 0-0: Ball
1-0: Ball
2-0: Ball
3-0: Called Strike
3-1: Fly out, F9 (Flyball, 89D)
Top of the 8th over - 0 run(s), 0 hit(s), 0 error(s), 1 left on base; Nassau 0 - San Francisco 0
BOTTOM OF THE 8TH
San Francisco Bandits batting - Pitching for Nassau Rockets : LHP Joaquín Gonzáles
Now at SS: Pete Harvey
Batting: RHB Raúl Bruno 0-0: Ball
1-0: Called Strike
1-1: Ball
2-1: Fly out, F9 (Flyball, 9)
Pitching: RHP Luis Cortéz
Batting: LHB Seung-woo Yi 0-0: Ball
1-0: Fly out, F7 (Flyball, 78M)
Batting: RHB Owen Carter 0-0: Foul Ball, location: 2F
0-1: Ball
1-1: Foul Ball, location: 2F
1-2: Ball
2-2: Foul Ball, location: 2F
2-2: Ground out 6-3 (Groundball, 6)
Bottom of the 8th over - 0 run(s), 0 hit(s), 0 error(s), 0 left on base; Nassau 0 - San Francisco 0
TOP OF THE 9TH
Nassau Rockets batting - Pitching for San Francisco Bandits : RHP Felipe Reyes
Pitching: RHP Mitsunari Taguchi
Batting: LHB Wilson Allen 0-0: Ball
1-0: Hit by Pitch
Batting: RHB Rubén Matos 0-0: Called Strike
0-1: Foul Ball, location: 2F
0-2: Strikes out swinging
Batting: LHB Rafael Delgado 0-0: Called Strike
0-1: Foul Ball, location: 2F
0-2: Foul Ball, location: 2F
0-2: Ball
1-2: Strikes out looking
Batting: LHB Don Ramey 0-0: Ground out 4-3 (Groundball, 34)
Top of the 9th over - 0 run(s), 0 hit(s), 0 error(s), 1 left on base; Nassau 0 - San Francisco 0
BOTTOM OF THE 9TH
San Francisco Bandits batting - Pitching for Nassau Rockets : RHP Luis Cortéz
Pitching: LHP Luis Valentín
Batting: LHB Mario García 0-0: Ball
1-0: Swinging Strike
1-1: Fly out, F9 (Flyball, 89S)
Pitching: RHP Ju-choer Yi
Batting: RHB Ramón Ruíz 0-0: Swinging Strike
0-1: Ground out U3 (Groundball, 34)
Batting: RHB Michael Elliott 0-0: Foul Ball, location: 2F
0-1: Swinging Strike
0-2: Ball
1-2: Ball
2-2: Foul Ball, location: 2F
2-2: Fly out, F8 (Flyball, 8RD)
Bottom of the 9th over - 0 run(s), 0 hit(s), 0 error(s), 0 left on base; Nassau 0 - San Francisco 0
TOP OF THE 10TH
Nassau Rockets batting - Pitching for San Francisco Bandits : RHP Mitsunari Taguchi
Batting: LHB Doug Thompson 0-0: Ball
1-0: Ball
2-0: Swinging Strike
2-1: Swinging Strike
2-2: Strikes out swinging
Batting: SHB Howard Parker 0-0: Ball
1-0: Ground out 3-1 (Groundball, 34S)
Batting: LHB Andrew Alvarado 0-0: Ball
1-0: Called Strike
1-1: SINGLE (Line Drive, 8LS)
Batting: LHB Bob Martin 0-0: Ball
1-0: Foul Ball, location: 2F
1-1: Ball
2-1: Foul Ball, location: 2F
2-2: Foul Ball, location: 2F
2-2: Strikes out swinging
Top of the 10th over - 0 run(s), 1 hit(s), 0 error(s), 1 left on base; Nassau 0 - San Francisco 0
BOTTOM OF THE 10TH
San Francisco Bandits batting - Pitching for Nassau Rockets : RHP Ju-choer Yi
Batting: RHB Juan Mendoza 0-0: Ball
1-0: Foul Ball, location: 2F
1-1: Fly out, F8 (Flyball, 8LD)
Batting: RHB Gustavo Ortíz 0-0: Ball
1-0: Ball
2-0: Ball
3-0: Called Strike
3-1: Base on Balls
Batting: RHB Glenn Melican 0-0: Ball
1-0: 2-RUN HOME RUN (Flyball, 89XD), Distance : 430 ft
Tuesday, August 8th, 2017 - OOTP Baseball 17.12 Build 75